 Dungeon Sprint DCSS version 0.15-a0-2327-gc7140f0 (webtiles) character file.

6392 runewalsh the Unseen (level 10, -2/52 (56) HPs)
             Began as an Octopode Wizard on July 29, 2014.
             Was the Champion of Vehumet.
             Slain by a redback (13 damage)
             ... in the Dungeon (Sprint III: "The Ten Rune Challenge").
             The game lasted 00:17:41 (2303 turns).

runewalsh the Unseen (Octopode Wizard)              Turns: 2303, Time: 00:17:41

HP  -2/52 (56)   AC  1     Str  6      XL: 10   Next: 97%
MP  19/28        EV 12     Int 23      God: Vehumet [******]
Gold 31          SH  0     Dex 10      Spells:  7 memorised, 14 levels left

rFire  . . .     SeeInvis .     w - +0 dagger
rCold  . . .     Clarity  .     (no shield)
rNeg   . . .     rCorr    .     b - +0 hat
rPois  .         rRot     .     (no amulet)
rElec  .         Spirit   .     (no ring)
SustAb .         Warding  .     (no ring)
rMut   .         NoTele   +     (no ring)
Gourm  .                        (no ring)
MR     .....                    (no ring)
                                (no ring)
                                (no ring)
                                (no ring)

@: confused, lethally poisoned, repel missiles, not resistant to hostile
enchantments, stealthy
A: almost no armour, amphibious, 8 rings, constrict 8, tentacle spike 1,
camouflage 1, clumsy 1, wild magic 1, gelatinous body 1
a: Renounce Religion


You were in the Dungeon.
You worshipped Vehumet.
Vehumet was exalted by your worship.
You were hungry.

You visited 1 branch You collected 31 gold pieces.

Inventory:

Hand weapons
 w - a +0 dagger (weapon)
Armour
 b - a +0 hat (worn)
Comestibles
 p - 2 fruits
 s - 26 royal jellies
Scrolls
 m - 2 scrolls of holy word {unknown}
 n - a scroll of fog {unknown}
 o - 2 scrolls of remove curse
 r - 3 scrolls of identify
Potions
 e - a potion of curing
 f - a potion of heal wounds
 h - 4 potions of magic
 l - a potion of decay
Books
 c - a book of Minor Magic

   Spells                             Type                      Level
   *Magic Dart                        Conjuration                  1
   *Blink                             Translocation                2
   *Call Imp                          Summoning                    2
   *Repel Missiles                    Charms/Air                   2
   Slow                               Hexes                        2
   *Conjure Flame                     Conjuration/Fire             3
   *Mephitic Cloud                    Conjuration/Poison/Air       3
 k - a book of the Warp

   Spells                             Type                      Level
   Control Teleport                   Charms/Translocation         4
   Phase Shift                        Translocation                5
   Warp Weapon                        Charms/Translocation         5
   Dispersal                          Translocation                6
   Controlled Blink                   Translocation                7
   Disjunction                        Translocation                8
Miscellaneous
 a - a box of beasts {used: 1}


   Skills:
 - Level 8.5 Short Blades
 - Level 2.0 Dodging
 + Level 19.7 Stealth
 + Level 9.7 Spellcasting
 + Level 11.6 Conjurations
 - Level 1.0 Summonings
 - Level 1.0 Translocations
 + Level 10.6 Ice Magic
 - Level 5.0 Air Magic


You had 14 spell levels left.
You knew the following spells:

 Your Spells              Type           Power        Failure   Level  Hunger
a - Magic Dart            Conj           ####         1%          1    None
b - Call Imp              Summ           ###.....     19%         2    None
c - Blink                 Tloc           N/A          19%         2    None
d - Mephitic Cloud        Conj/Pois/Air  ######..     1%          3    None
e - Freeze                Ice            ####         1%          1    None
m - Repel Missiles        Chrm/Air       ####..       9%          2    None
F - Conjure Flame         Conj/Fire      ######..     1%          3    None


Dungeon Overview and Level Annotations

Branches:
Dungeon (1/1)

Altars:
Cheibriados
Dithmenos
Elyvilon
Fedhas
Gozag
Kikubaaqudgha
Makhleb
Nemelex Xobeh
Okawaru
Qazlal
Sif Muna
Trog
Vehumet
Xom
Yredelemnul
Zin
The Shining One
Jiyva
Lugonu


Innate Abilities, Weirdness & Mutations

You cannot wear most types of armour.
You are amphibious.
You can wear up to eight rings at the same time.
You can use your tentacles to constrict many enemies at once.
Your skin changes colour to match your surroundings (Stealth).
Your rubbery body absorbs attacks (AC +1).
One of your tentacles bears a spike.
You are clumsy. (Dex -2)
Your spells are a little harder to cast, but a little more powerful.


Message History

You repel missiles.
You have 6 tentacles available for constriction.
Your movement speed is average.
Your attack speed is very fast.
You are not resistant to hostile enchantments.
You feel stealthy.
Ouch! You are engulfed in noxious fumes.
You choke on the stench!
You are more confused.
* * * LOW HITPOINT WARNING * * *
You feel very sick.
The redback is engulfed in noxious fumes.
The redback appears confused.
You hit the redback but do no damage.
The redback is lightly wounded.
You are engulfed in noxious fumes.
You choke on the stench!
You are more confused.
* * * LOW HITPOINT WARNING * * *
x2 You feel sick.
The redback is engulfed in noxious fumes.
The redback bites you!
You die...

▓▓▓▓▓▓▓▓▓▓▓▓▓▓▓▓▓▓▓▓▓▓▓▓▓▓▓▓▓▓▓▓▓
♣♣≈≈≈........≈≈≈
+♣♣'♣≈≈≈≈≈≈≈≈≈≈≈≈♣
#.≈♣♣♣♣♣♣♣♣♣♣♣♣♣♣♣ #..♣♣ ###'♣ ♣♣
♣♣♣♣%##. ♣%..##. ♣♣@##.# ♣.s#§##
♣♣§##.# ♣♣§##.# ♣%.§..# #######


You could see a redback (confused).

Vanquished Creatures
  Snorg (D)
  A centaur warrior (D)
  An unseen horror (D)
  A lindwurm (D)
  2 spiny frogs (D)
  A komodo dragon (D)
  3 wandering mushrooms (D)
  A deep elf priest (D)
  A queen bee (D)
  A redback (D)
  A shadow (D)
  A spatial vortex (D)
  2 centaurs (D)
  A necrophage (D)
  2 brain worms (D)
  A water elemental (D)
  26 killer bees (D)
  A necromancer (D)
  Crazy Yiuf (D)
  A jelly (D)
  A wizard (D)
  3 humans (D)
  Jessica (D)
  A kobold demonologist (D)
  A chimera (D)
  3 rats (D)
60 creatures vanquished.

Vanquished Creatures (collateral kills)
  4 killer bees (D)
4 creatures vanquished.

Vanquished Creatures (others)
  2 draconian scorchers (D)
  A yaktaur (D)
  2 killer bees (D)
  A plant (D)
6 creatures vanquished.

Grand Total: 70 creatures vanquished

Notes
Turn   | Place    | Note
--------------------------------------------------------------
     0 | D        | runewalsh, the Octopode Wizard, began the quest for the Orb.
     0 | D        | Reached XP level 1. HP: 11/11 MP: 4/4
   103 | D        | Noticed Jessica
   109 | D        | Killed Jessica
   109 | D        | Reached skill level 6 in Stealth
   109 | D        | Reached XP level 2. HP: 12/17 MP: 3/6
   122 | D        | Learned a level 2 spell: Call Imp
   125 | D        | Learned a level 2 spell: Blink
   225 | D        | Reached skill level 1 in Short Blades
   225 | D        | Reached skill level 8 in Stealth
   225 | D        | Reached XP level 3. HP: 6/21 MP: 7/7
   417 | D        | Noticed Crazy Yiuf
   417 | D        | Killed a white draconian scorcher
   423 | D        | Learned a level 3 spell: Mephitic Cloud
   444 | D        | Killed Crazy Yiuf
   444 | D        | Reached skill level 9 in Stealth
   444 | D        | Reached XP level 4. HP: 25/27 MP: 2/9
   503 | D        | Noticed a water elemental
   505 | D        | Killed a water elemental
   505 | D        | Reached skill level 11 in Stealth
   505 | D        | Reached XP level 5. HP: 31/31 MP: 11/11
   513 | D        | Found an iron altar of Okawaru.
   513 | D        | Found a bloodstained altar of Trog.
   513 | D        | Noticed a human
   513 | D        | Noticed a human
   517 | D        | Killed a yaktaur
   520 | D        | Killed a human
   520 | D        | Reached skill level 5 in Short Blades
   520 | D        | Reached skill level 13 in Stealth
   520 | D        | Reached XP level 6. HP: 36/36 MP: 8/12
   525 | D        | Killed a human
   525 | D        | Reached skill level 14 in Stealth
   525 | D        | Reached skill level 5 in Conjurations
   551 | D        | Found a radiant altar of Vehumet.
   603 | D        | Found a deep blue altar of Sif Muna.
   603 | D        | Found an ancient bone altar of Kikubaaqudgha.
   603 | D        | Noticed a wizard
   604 | D        | Killed a wizard
   619 | D        | Became a worshipper of Vehumet
   633 | D        | Found a glowing silver altar of Zin.
   634 | D        | Found a glowing golden altar of the Shining One.
   634 | D        | Found a white marble altar of Elyvilon.
   634 | D        | Noticed a deep elf priest
   636 | D        | Killed a deep elf priest
   636 | D        | Reached skill level 15 in Stealth
   636 | D        | Reached XP level 7. HP: 41/41 MP: 16/18
   641 | D        | Killed a white draconian scorcher
   649 | D        | Found a snail-covered altar of Cheibriados.
   649 | D        | Noticed a necrophage
   650 | D        | Found a basalt altar of Yredelemnul.
   650 | D        | Found a blossoming altar of Fedhas.
   650 | D        | Noticed a necromancer
   651 | D        | Killed a necrophage
   663 | D        | Killed a necromancer
   663 | D        | Acquired Vehumet's first power
   663 | D        | Offered knowledge of Freeze by Vehumet.
   663 | D        | Reached skill level 5 in Spellcasting
   666 | D        | Learned a level 1 spell: Freeze
   674 | D        | Noticed a jelly
   679 | D        | Gained mutation: You are clumsy. (Dex -2) [potion of mutation]
   679 | D        | Gained mutation: One of your tentacles bears a spike. [potion of mutation]
   679 | D        | Gained mutation: Your spells are a little harder to cast, but a little more powerful. [potion of mutation]
   779 | D        | Noticed a shadow
   781 | D        | Killed a shadow
   781 | D        | Reached skill level 1 in Ice Magic
   781 | D        | Reached XP level 8. HP: 42/42 MP: 20/20
   785 | D        | Killed a jelly
   790 | D        | Found a stormy altar of Qazlal.
   790 | D        | Noticed a spatial vortex
   791 | D        | Found a burning altar of Makhleb.
   791 | D        | Found a viscous altar of Jiyva.
   791 | D        | Found a shimmering altar of Xom.
   791 | D        | Found a shadowy altar of Dithmenos.
   791 | D        | Found a sparkling altar of Nemelex Xobeh.
   791 | D        | Found a corrupted altar of Lugonu.
   791 | D        | Found an opulent altar of Gozag.
   847 | D        | Killed a spatial vortex
   923 | D        | Noticed Snorg
   936 | D        | Killed Snorg
   936 | D        | Reached skill level 17 in Stealth
   936 | D        | Reached XP level 9. HP: 22/47 MP: 12/23
  1096 | D        | Noticed an earth elemental
  1154 | D        | Learned a level 2 spell: Repel Missiles
  1156 | D        | Noticed a centaur
  1156 | D        | Noticed a centaur warrior
  1156 | D        | Noticed a centaur
  1158 | D        | Killed a centaur
  1158 | D        | Offered knowledge of Searing Ray by Vehumet.
  1160 | D        | Killed a centaur
  1160 | D        | Reached skill level 5 in Air Magic
  1171 | D        | Killed a centaur warrior
  1171 | D        | Reached skill level 18 in Stealth
  1248 | D        | Learned a level 3 spell: Conjure Flame
  1272 | D        | Killed an unseen horror
  1272 | D        | Acquired Vehumet's second power
  1348 | D        | Noticed a wandering mushroom
  1352 | D        | Noticed a wandering mushroom
  1354 | D        | Noticed a wandering mushroom
  1365 | D        | Killed a wandering mushroom
  1365 | D        | Reached XP level 10. HP: 52/52 MP: 24/26
  1386 | D        | Killed a wandering mushroom
  1407 | D        | Killed a wandering mushroom
  1407 | D        | Reached skill level 10 in Conjurations
  1437 | D        | Noticed a killer bee
  1437 | D        | Noticed a killer bee
  1437 | D        | Noticed a killer bee
  1437 | D        | Noticed a killer bee
  1437 | D        | Noticed a killer bee
  1437 | D        | Noticed a killer bee
  1437 | D        | Noticed a killer bee
  1437 | D        | Noticed a killer bee
  1437 | D        | Noticed a killer bee
  1437 | D        | Noticed a queen bee
  1437 | D        | Noticed a killer bee
  1437 | D        | Noticed a killer bee
  1437 | D        | Noticed a killer bee
  1439 | D        | Noticed a killer bee
  1440 | D        | Noticed a killer bee
  1440 | D        | Noticed a killer bee
  1441 | D        | Noticed a killer bee
  1441 | D        | Killed a killer bee
  1441 | D        | Offered knowledge of Static Discharge by Vehumet.
  1442 | D        | Noticed a killer bee
  1443 | D        | Noticed a killer bee
  1443 | D        | Noticed a killer bee
  1443 | D        | Noticed a killer bee
  1443 | D        | Killed a killer bee
  1444 | D        | Noticed a killer bee
  1444 | D        | Noticed a killer bee
  1444 | D        | Killed a killer bee
  1445 | D        | Killed a killer bee
  1446 | D        | Noticed a killer bee
  1446 | D        | Killed a killer bee
  1446 | D        | Acquired Vehumet's third power
  1448 | D        | Killed a killer bee
  1449 | D        | Killed a killer bee
  1449 | D        | Killed a killer bee
  1449 | D        | Killed a killer bee
  1450 | D        | Noticed a killer bee
  1450 | D        | Noticed a killer bee
  1451 | D        | Killed a killer bee
  1452 | D        | Noticed a killer bee
  1452 | D        | Killed a killer bee
  1453 | D        | Killed a killer bee
  1454 | D        | Noticed a killer bee
  1454 | D        | Noticed a killer bee
  1455 | D        | Killed a killer bee
  1455 | D        | Killed a killer bee
  1457 | D        | Noticed a killer bee
  1457 | D        | Noticed a killer bee
  1458 | D        | Noticed a killer bee
  1458 | D        | Killed a killer bee
  1459 | D        | Killed a killer bee
  1460 | D        | Killed a killer bee
  1461 | D        | Noticed a killer bee
  1461 | D        | Killed a killer bee
  1463 | D        | Killed a killer bee
  1464 | D        | Killed a killer bee
  1464 | D        | Killed a killer bee
  1466 | D        | Killed a killer bee
  1468 | D        | Killed a queen bee
  1469 | D        | Killed a killer bee
  1469 | D        | Killed a killer bee
  1469 | D        | Killed a killer bee
  1469 | D        | Reached skill level 19 in Stealth
  1470 | D        | Killed a killer bee
  1471 | D        | Killed a killer bee
  1476 | D        | Killed a killer bee
  1476 | D        | Killed a killer bee
  1479 | D        | Killed a killer bee
  1499 | D        | Killed a killer bee
  1501 | D        | Killed a killer bee
  1587 | D        | Noticed a spiny frog
  1587 | D        | Noticed a komodo dragon
  1587 | D        | Noticed a spiny frog
  1615 | D        | Killed a spiny frog
  1615 | D        | Offered knowledge of Dazzling Spray by Vehumet.
  1615 | D        | Reached skill level 10 in Ice Magic
  1686 | D        | Killed a komodo dragon
  1920 | D        | Killed a spiny frog
  1920 | D        | Offered knowledge of Force Lance by Vehumet.
  2081 | D        | Noticed a redback
  2083 | D        | Killed a redback
  2084 | D        | Noticed a brain worm
  2087 | D        | Killed a brain worm
  2089 | D        | Noticed a brain worm
  2091 | D        | Killed a brain worm
  2091 | D        | Offered knowledge of Conjure Ball Lightning by Vehumet.
  2095 | D        | Noticed a lindwurm
  2097 | D        | Noticed a redback
  2098 | D        | Killed a lindwurm
  2299 | D        | Noticed a redback
  2303 | D        | Slain by a redback

Action                   |  1- 3 |  4- 6 |  7- 9 | 10-12 || total
-------------------------+-------+-------+-------+-------++-------
Melee: Unarmed           |    12 |       |       |       ||    12
       Dagger            |    15 |    14 |    27 |    24 ||    80
 Cast: Magic Dart        |     4 |       |    25 |     8 ||    37
       Mephitic Cloud    |     1 |     3 |     5 |    16 ||    25
       Freeze            |       |       |     1 |       ||     1
       Conjure Flame     |       |       |     6 |    26 ||    32
       Repel Missiles    |       |       |     1 |       ||     1
       Blink             |       |       |       |     1 ||     1
Evoke: Wand              |       |       |     1 |       ||     1
       Box of beasts     |       |       |       |     1 ||     1
  Use: Potion            |     1 |       |     4 |     2 ||     7
       Scroll            |       |       |       |     1 ||     1
 Stab: Sleeping          |     2 |     3 |     6 |     4 ||    15
       Confused          |     1 |     3 |     3 |     3 ||    10
  Eat: Bread ration      |       |       |     1 |       ||     1
       Fruit             |       |       |       |     1 ||     1
